 Dungeon Crawl Stone Soup version 0.32-a0-468-g38b2580584 (webtiles) character file.

Game seed: 17299782222472209866

5400 shoop the Severer (level 10, 0/78 HPs)
             Began as a Mountain Dwarf Fighter on Feb 25, 2024.
             Was a Follower of Beogh.
             Slain by a kobold brigand
             ... wielding a +0 dagger
              (4 damage)
             ... on level 8 of the Dungeon.
             The game lasted 00:13:25 (7656 turns).

shoop the Severer (Mountain Dwarf Fighter)          Turns: 7656, Time: 00:13:28

Health: 0/78       AC: 16    Str: 23    XL:     10   Next: 40%
Magic:  10/10      EV:  6    Int:  9    God:    Beogh [*.....]
Gold:   270        SH:  9    Dex:  9    Spells: 9/9 levels left

rFire   + . .        M - +4 war axe
rCold   . . .        c - +0 buckler
rNeg    . . .        h - +0 plate armour
rPois   .            s - +0 helmet
rElec   .            t - +0 cloak
rCorr   .            z - +1 pair of gloves
SInv    .            (no boots)
Will    +....        C - amulet of reflection Stlth
                     e - ring of protection from fire
HPRegen 0.33/turn    G - ring of flight
MPRegen 0.12/turn

%: reflection
@: mighty, lethally poisoned (0 -> -4), frozen, flying, very slow
A: runic magic, artefact enchanting
a: Renounce Religion


You were on level 8 of the Dungeon.
You worshipped Beogh.
Beogh was aware of your devotion.
You visited 1 branch of the dungeon, and saw 8 of its levels.

You collected 324 gold pieces.
You spent 54 gold pieces at shops.

Inventory:

Hand Weapons
 a - a +0 war axe
 D - a +0 lajatang
 M - a +4 war axe (weapon)
Missiles
 w - 12 javelins (quivered)
 H - 5 boomerangs
Armour
 b - a +0 scale mail
 c - a +0 buckler (worn)
 h - a +0 plate armour (worn)
 s - a +0 helmet (worn)
 t - a +0 cloak (worn)
 z - a +1 pair of gloves (worn)
Jewellery
 e - a ring of protection from fire (left hand)
 C - an amulet of reflection (around neck)
 G - a ring of flight (right hand)
Wands
 F - a wand of iceblast (9)
 L - a wand of flame (14)
Scrolls
 g - 3 scrolls of poison {unknown}
 j - a scroll of torment {unknown}
 m - a scroll of amnesia {unknown}
 o - a scroll of enchant armour {unknown}
 q - 4 scrolls of enchant weapon {unknown}
 r - 2 scrolls of vulnerability {unknown}
 y - 4 scrolls of blinking {unknown}
 A - a scroll of revelation
 B - 3 scrolls of teleportation {unknown}
 N - a scroll of fog {unknown}
Potions
 f - a potion of attraction
 i - 3 potions of curing {unknown}
 k - a potion of invisibility
 l - a potion of mutation
 n - 2 potions of haste {unknown}
 p - 2 potions of degeneration {unknown}
 u - 2 potions of enlightenment
 v - a potion of brilliance
 x - 2 potions of ambrosia
 E - a potion of resistance
 I - a potion of lignification {unknown}
 J - a potion of cancellation
 K - a potion of heal wounds


   Skills:
 - Level 4.1 Fighting
 - Level 15.9(16.4) Axes
 + Level 6.8(12.3) Maces & Flails
 - Level 4.1 Armour
 - Level 4.2 Shields
 - Level 3.0 Evocations


You had 9 spell levels left.
You didn't know any spells.
Your spell library contained the following spells:

 Spells                   Type           Power      Damage    Failure   Level
 Lesser Beckoning         Tloc           0%         N/A       83%         2
 Sublimation of Blood     Necr           0%         N/A       83%         2
 Gell's Gravitas          Tloc           0%         N/A       97%         3
 Teleport Other           Tloc           0%         N/A       97%         3
 Petrify                  Alch/Erth      0%         N/A       100%        4
 Irradiate                Conj/Alch      0%         3d11      100%        5


Dungeon Overview and Level Annotations

Branches:
Dungeon (8/15)             Temple (0/1) D:5
   Lair: D:8-11

Altars:
Ashenzari
Cheibriados
Elyvilon
Gozag
Hepliaklqana
Makhleb
Okawaru
Qazlal
Ru
Trog
Uskayaw
Wu Jian
Xom
Yredelemnul
The Shining One

Shops:
D:1 *

Annotations:
D:8 Amaemon


Innate Abilities, Weirdness & Mutations

Your spellcasting is much less encumbered by armour.
You can use scrolls of enchantment on lesser artefacts.


Message History

The centaur warrior hits you with a staff of cold!
* * * LOW HITPOINT WARNING * * *
The centaur warrior kicks you but does no damage.
You hear a shout!
You slash the centaur warrior!
The centaur warrior is moderately wounded.
The centaur warrior hits you with a staff of cold.
* * * LOW HITPOINT WARNING * * *
The centaur warrior kicks you but does no damage.
Unknown command.
It was a potion of heal wounds.
You feel much better. You block the centaur warrior's attack.
The centaur warrior kicks you but does no damage.
The centaur warrior hits you but does no damage.
The centaur warrior kicks you but does no damage.
You slash the centaur warrior!
The centaur warrior is heavily wounded.
The centaur warrior hits you but does no damage.
The centaur warrior freezes you.
The centaur warrior kicks you but does no damage.
You slice the centaur warrior!!
The centaur warrior is almost dead.
You block the centaur warrior's attack. x2
The kobold brigand throws a poisoned dart.
The poisoned dart barely misses you.
You slash the centaur warrior!
You kill the centaur warrior!
Beogh accepts your kill.
The kobold brigand throws a poisoned dart.
The poisoned dart hits you!
You are poisoned.
Your base Maces & Flails skill increases to level 6!
A rime drake comes into view.
You feel sick. The rime drake breathes ice at you.
The icy flash freeze hits you!!
* * * LOW HITPOINT WARNING * * *
You are encased in ice.
The kobold brigand hits you with a +0 dagger.
You die...

.# ##### # #.#
#....
####.#####.###
#.###
#......K##...
# #.# #
#@.#..#.#
#.###
#?..k#.#....
#....
#$.).W#.#.#.#
###.#
#!.⌠..#...#.#
#..
#[$:??#.#.#.#
##.#
##!!?##.#.#.#
#.## ####
..#.#.# ##.#
..##.#.### ##.
.#####.#...##
#.


You could see a rime drake (catching breath), a kobold brigand and a shadow.

Vanquished Creatures
  A centaur warrior (D:8)
  Pikel (D:7)
  A manticore (D:8)
  An ugly thing (D:8)
  A troll (D:8)
  Grinder (D:5)
  5 yaks (D:6)
  A steam dragon (D:6)
  4 water moccasins
  3 black bears
  2 ice beasts
  2 centaurs
  3 ogres
  4 lemures (D:7)
  A bullfrog (D:8)
  2 scorpions (D:4)
  8 wights
  A howler monkey (D:4)
  2 bombardier beetles
  A hound (D:6)
  3 iguanas
  4 orc wizards
  Ijyb (D:5)
  Robin (D:3)
  5 adders
  4 gnolls (D:6)
  4 white imps
  4 dart slugs
  2 ribbon worms (D:2)
  11 orcs
  4 bats
  6 endoplasms
  A giant cockroach (D:1)
  20 goblins
  9 hobgoblins
  2 jackals (D:5)
  4 quokkas
  11 ball pythons
  11 kobolds
  6 rats
158 creatures vanquished.

Notes
Turn   | Place    | Note
-------+----------+-------------------------------------------
     0 | D:1      | shoop the Mountain Dwarf Fighter began the quest for the
                  | Orb.
     0 | D:1      | Reached XP level 1. HP: 19/19 MP: 1/1
   197 | D:1      | Reached XP level 2. HP: 26/26 MP: 2/2
   221 | D:1      | Found Nifru's Assorted Antiques.
   251 | D:1      | Reached skill level 3 in Axes
   483 | D:1      | Found a faded altar of an unknown god.
   550 | D:1      | Reached XP level 3. HP: 29/31 MP: 3/3
  1256 | D:2      | Reached XP level 4. HP: 40/40 MP: 4/4
  1452 | D:3      | Found a broken altar of Ashenzari.
  1490 | D:3      | Found a white marble altar of Elyvilon.
  1521 | D:3      | Found an opulent altar of Gozag.
  1786 | D:3      | Found a burning altar of Makhleb.
  1801 | D:3      | Noticed Robin
  1848 | D:2      | Reached skill level 4 in Axes
  1861 | D:3      | Killed Robin
  1930 | D:3      | Found a stormy altar of Qazlal.
  1933 | D:3      | Found a hide-covered altar of Uskayaw.
  1936 | D:3      | Found a basalt altar of Yredelemnul.
  1951 | D:3      | Found a snail-covered altar of Cheibriados.
  2378 | D:4      | Reached XP level 5. HP: 44/46 MP: 5/5
  2585 | D:4      | Reached skill level 5 in Axes
  2824 | D:4      | Noticed an ogre
  2830 | D:4      | Killed an ogre
  2831 | D:4      | Reached skill level 6 in Axes
  2831 | D:4      | Reached XP level 6. HP: 39/52 MP: 6/6
  2934 | D:4      | Noticed a water moccasin
  2939 | D:4      | Killed a water moccasin
  2940 | D:4      | Reached skill level 7 in Axes
  3722 | D:4      | Reached XP level 7. HP: 59/59 MP: 7/7
  3755 | D:4      | Found a bloodstained altar of Trog.
  4027 | D:1      | Bought a scroll labelled WUOGUVVEATUOMP for 27 gold pieces
  4027 | D:1      | Bought a scroll labelled LUOM BECREN for 27 gold pieces
  4116 | D:5      | Entered Level 5 of the Dungeon
  4116 | D:5      | Found a staircase to the Ecumenical Temple.
  4299 | D:5      | Reached skill level 8 in Axes
  4574 | D:5      | Found an iron altar of Okawaru.
  4645 | D:5      | Noticed Grinder
  4663 | D:5      | Killed Grinder
  4664 | D:5      | Reached skill level 9 in Axes
  4925 | D:5      | Noticed Ijyb
  4932 | D:5      | Killed Ijyb
  5225 | D:6      | Reached skill level 10 in Axes
  5225 | D:6      | Reached skill level 1 in Evocations
  5293 | D:6      | Reached XP level 8. HP: 66/66 MP: 8/8
  5542 | D:6      | Became a worshipper of Beogh the Shepherd
  5881 | D:6      | Reached skill level 11 in Axes
  5895 | D:6      | Reached skill level 12 in Axes
  5918 | D:6      | Reached XP level 9. HP: 33/71 MP: 9/9
  5927 | D:6      | Reached skill level 13 in Axes
  6152 | D:6      | Found a hazy altar of Hepliaklqana.
  6329 | D:6      | Found a glowing golden altar of the Shining One.
  6503 | D:7      | Noticed Pikel
  6572 | D:7      | Killed Pikel
  6573 | D:7      | Reached skill level 14 in Axes
  6666 | D:7      | Reached skill level 15 in Axes
  6739 | D:7      | Reached * piety under Beogh
  7086 | D:7      | Found a sacrificial altar of Ru.
  7203 | D:7      | Found an ornate altar of the Wu Jian Council.
  7411 | D:8      | Reached XP level 10. HP: 78/78 MP: 10/10
  7490 | D:8      | Found a shimmering altar of Xom.
  7493 | D:8      | Noticed Amaemon
  7619 | D:8      | Noticed a manticore
  7635 | D:8      | Killed a manticore
  7643 | D:8      | Noticed a centaur warrior
  7643 | D:8      | Noticed a white ugly thing
  7643 | D:8      | Noticed a cane toad
  7648 | D:8      | Killed a white ugly thing
  7649 | D:8      | Reached skill level 5 in Maces & Flails
  7655 | D:8      | Killed a centaur warrior
  7656 | D:8      | Slain by a kobold brigand

Illustrated notes

Levels and vault maps discovered:
D:1:      saegor_arrival_simple_c, layout_basic,
          shapermc_ecumenical_altar_hornbeckon, serial_shops, nicolae_shop_trees
D:2:      layout_rooms
D:3:      layout_loops_cross, mainiacjoe_overflow_tiny_flanked,
          mainiacjoe_overflow_brackets, ashenzari_conservatory_becter,
          grunt_temple_overflow_cloverleaf, nicolae_elyvilon_temple_path,
          uniq_robin
D:4:      layout_layer_cave, mainiacjoe_overflow_alcove_2, serial_forest,
          infiniplex_forest_end_double, infiniplex_forest_end_2,
          infiniplex_forest_clump_tiny, infiniplex_forest_straight_1,
          infiniplex_forest_straight_2, infiniplex_forest_clump_large,
          infiniplex_forest_corner_2, infiniplex_forest_clump_double,
          infiniplex_forest_clump_medium, infiniplex_forest_lined_room_2,
          roderic_serpentine_path
D:5:      layout_basic, mainiacjoe_overflow_24_doors,
          minmay_temple_entry_sparse_star, serial_curves, eino_curves_01,
          eino_curves_04, grunt_decor_fettered, minivault_19, uniq_grinder,
          uniq_ijyb
D:6:      layout_basic, amcnicky_altar_gilded, tso_oasis_becter
D:7:      layout_basic, nzn_wu_jian_council_hall, nicolae_ru_awakened_eye,
          uniq_pikel
D:8:      layout_loops_corners, mainiacjoe_overflow_small_starburst,
          minmay_the_grid_2x2 [minmay_the_grid_embedded, minmay_the_grid_box_x,
          minmay_the_grid_outer_circle, minmay_the_grid_prize_inner_circle],
          uniq_amaemon, uniq_maurice

Skill      XL: |  1  2  3  4  5  6  7  8  9 10 |
---------------+-------------------------------+-----
Axes           | 3 4 6 7 10 12 15 | 15.9
Shields        | 4 |  4.2
Armour         | 4 |  4.1
Fighting       | 4 |  4.1
Evocations     | 1 3 |  3.0
Maces & Flails | 6 |  6.8

Action                     |  1- 3 |  4- 6 |  7- 9 | 10-12 || total
---------------------------+-------+-------+-------+-------++-------
  Melee: War axe           |   121 |   146 |   427 |    22 ||   716
  Throw: Javelin           |       |     1 |     1 |       ||     2
 Invoke: Convert to Beogh  |       |       |     1 |       ||     1
    Use: Scroll            |       |       |     9 |       ||     9
         Potion            |       |       |       |     2 ||     2
 Armour: Plate armour      |   127 |   113 |   249 |    30 ||   519
         Scale mail        |     3 |       |       |       ||     3
  Dodge: Dodged            |    39 |    39 |    75 |     4 ||   157
  Block: Buckler           |    28 |    25 |   141 |    11 ||   205
         Reflection        |       |       |     6 |       ||     6

Table legend: (Time is in decaauts)
 A = Elapsed time spent in this place.
 B = Non-inter-level travel time spent in this place.
 C = Inter-level travel time spent in this place.
 D = Time resting spent in this place.
 E = Time spent auto-exploring this place.
 F = Levels seen in this place.
 G = Mean time per level.
                   A        B        C        D        E       F      G
               +--------+--------+--------+--------+--------+-----+--------+
         Total |   7724 |   7330 |    394 |     15 |   5780 |   8 |  965.5 |
       Dungeon |   7724 |   7330 |    394 |     15 |   5780 |   8 |  965.5 |
               +--------+--------+--------+--------+--------+-----+--------+

Top non-repeatable levels by time:
     D:4: 1716 daAuts
     D:6: 1135 daAuts
     D:5: 1101 daAuts
     D:7: 989 daAuts
     D:3: 954 daAuts
     D:1: 864 daAuts
     D:2: 686 daAuts
     D:8: 275 daAuts
